 Dungeon Crawl Stone Soup version 0.19.1 (webtiles) character file.

1364 Drake the Magician (level 8, -5/36 HPs)
             Began as a Deep Elf Conjurer on May 22, 2017.
             Was an Initiate of Hepliaklqana.
             Slain by an orc warrior
             ... wielding a +0 trident
              (16 damage)
             ... on level 7 of the Dungeon.
             The game lasted 00:35:01 (6827 turns).

Drake the Magician (Deep Elf Conjurer)              Turns: 6827, Time: 00:35:01

Health: -5/36      AC:  9    Str:  5    XL:     8   Next: 38%
Magic:  0/21       EV: 13    Int: 23    God:    Hepliaklqana [......]
Gold:   177        SH:  0    Dex: 15    Spells: 4 memorised, 9 levels left

rFire  + . .     SeeInvis .     s - +1 dagger (speed)
rCold  x . .     Gourm    .     a - +0 robe
rNeg   . . .     Faith    .     (no shield)
rPois  .         Spirit   .     u - +0 helmet
rElec  .         Reflect  .     p - +2 cloak
rCorr  .         Harm     .     e - +2 pair of gloves
MR     .....                    (no boots)
Stlth  ++........               (no amulet)
                                (no ring)
                                l - ring of fire

@: no status effects
A: reduced essence
a: Recall Ancestor, Ancestor Identity, Renounce Religion


You were on level 7 of the Dungeon.
You worshipped Hepliaklqana.
Hepliaklqana was noncommittal.
You were not hungry.

You visited 2 branches of the dungeon, and saw 8 of its levels.

You collected 392 gold pieces.
You spent 215 gold pieces at shops.

Inventory:

Hand Weapons
 o - the +12 arbalest of World's End {penet, rF+ MR+ Dex+4}
   (You found it on level 5 of the Dungeon)

   Ammo fired by it will pass through the targets it hits, potentially hitting
   all targets in its path until it reaches maximum range.
   It affects your dexterity (+4).
   It protects you from fire.
   It affects your resistance to hostile enchantments.
 s - a +1 dagger of speed (weapon)
Armour
 a - a +0 robe (worn)
 e - a +2 pair of gloves (worn)
 p - a +2 cloak (worn)
 u - a +0 helmet (worn)
Jewellery
 l - a ring of fire (left hand)
Scrolls
 g - 2 scrolls of teleportation
 w - a scroll of amnesia
 x - 2 scrolls of remove curse
Potions
 d - 3 potions of curing
 f - a potion of haste
 h - 3 potions of lignification
 i - 2 potions of brilliance
 m - a potion of agility
 n - a potion of degeneration {unknown}
 q - a potion of heal wounds
 z - a potion of resistance {unknown}
Books
 b - a book of Conjurations

   Spells                             Type                      Level
   a - Magic Dart                     Conjuration                  1
   b - Searing Ray                    Conjuration                  2
   c - Dazzling Spray                 Conjuration/Hexes            3
   d - Fulminant Prism                Conjuration/Hexes            4
   e - Iskenderun's Mystic Blast      Conjuration                  4
   f - Iskenderun's Battlesphere      Conjuration/Charms           5
 r - a book of Misfortune

   Spells                             Type                      Level
   a - Confusing Touch                Hexes                        1
   b - Confuse                        Hexes                        3
   c - Gell's Gravitas                Hexes/Translocation          3
   d - Petrify                        Transmutation/Earth          4
   e - Metabolic Englaciation         Hexes/Ice                    5
   f - Yara's Violent Unravelling     Hexes/Transmutation          5
Comestibles
 c - a slice of pizza
 j - 3 meat rations
 k - 3 bread rations
 t - a royal jelly
 v - a beef jerky


   Skills:
 + Level 4.7 Short Blades
 - Level 2.4 Dodging
 - Level 2.4 Stealth
 + Level 7.9 Spellcasting
 + Level 7.4 Conjurations
 - Level 2.1 Hexes
 + Level 5.6 Charms


You had 9 spell levels left.
You knew the following spells:

 Your Spells              Type           Power        Failure   Level  Hunger
a - Magic Dart            Conj           ####         1%          1    None
b - Iskenderun's Mystic   Conj           #####...     4%          4    ###....
c - Confuse               Hex            ###.....     10%         3    None
d - Iskenderun's Battles  Conj/Chrm      #####...     14%         5    #####..


Dungeon Overview and Level Annotations

Branches:
Dungeon (7/15)             Temple (1/1) D:6

Altars:
Ashenzari
Cheibriados
Dithmenos
Elyvilon
Fedhas
Gozag
Hepliaklqana
Kikubaaqudgha
Makhleb
Nemelex Xobeh
Okawaru
Qazlal
Ru
Sif Muna
Trog
Uskayaw
Vehumet
Xom
Yredelemnul
Zin
The Shining One

Shops:
D:4 %


Message History

You closely miss the orc. The hound barely misses you.
The orc warrior barely misses you. The orc hits you with a flail.
You hit the orc.
The orc is moderately wounded.
The hound bites you but does no damage.
You hit the orc.
The orc is heavily wounded.
The orc hits Tepiltzin with a hand axe.
Tepiltzin closely misses the orc.
The hound bites you.
The orc warrior hits you from afar with a trident!
The orc closely misses you.
The orc shouts!
You hit the orc.
The orc is severely wounded.
The hound barely misses you.
You hit the orc.
You kill the orc!
Tepiltzin hits the orc.
The orc misses Tepiltzin.
The orc warrior hits you from afar with a trident!
You die...

#......#
#o######
#######.#
........#
#######.#
#.# #o#
#h# #@#
#.)oRo...
#######.#


You could see the friendly Tepiltzin the ancestor, an orc warrior, a hound and 3
orcs.

Vanquished Creatures
  A sky beast (D:6)
  2 ice beasts (D:6)
  An ogre (D:4)
  2 phantoms
  2 bullfrogs (D:6)
  2 crimson imps
  An orc priest (D:7)
  2 hounds
  2 bullfrog skeletons (D:4)
  A centaur skeleton (D:6)
  Jessica (D:2)
  Natasha (thrice) (D:3)
  An iguana (D:4)
  An orc wizard (D:7)
  A hound skeleton (D:4)
  A worker ant zombie (D:5)
  7 gnolls
  8 adders
  A shadow imp (D:5)
  An ooze (D:6)
  2 adder skeletons
  A worm (D:6)
  A dart slug (D:3)
  5 leopard geckos
  12 orcs
  6 bats
  8 giant cockroaches
  12 goblins
  9 hobgoblins
  4 jackals (D:1)
  7 kobolds
  2 quokkas
  A ball python (D:6)
  6 frilled lizards
  A giant cockroach zombie (D:6)
  A jackal skeleton (D:4)
  A leopard gecko skeleton (D:4)
  A quokka skeleton (D:6)
  8 rats
129 creatures vanquished.

Vanquished Creatures (collateral kills)
  An orc (D:7)
1 creature vanquished.

Vanquished Creatures (others)
  A minotaur (D:1)
  2 octopodes (D:1)
  3 gargoyles (D:1)
  A vine stalker (D:1)
  A troll (D:1)
  A spriggan (D:1)
  2 vampires (D:1)
  A human (D:1)
  An ogre (D:1)
  A mummy (D:1)
  An orc (D:1)
  5 tentacles (D:1)
20 creatures vanquished.

Grand Total: 150 creatures vanquished

Notes
Turn   | Place    | Note
-------+----------+-------------------------------------------
     0 | D:1      | Drake the Deep Elf Conjurer began the quest for the Orb.
     0 | D:1      | Reached XP level 1. HP: 10/10 MP: 6/6
     2 | D:1      | Noticed a vampire
     2 | D:1      | Noticed an octopode
     2 | D:1      | Noticed a gargoyle
     2 | D:1      | Noticed an ogre
     2 | D:1      | Noticed a human
     2 | D:1      | Noticed a gargoyle
     2 | D:1      | Noticed a vine stalker
     2 | D:1      | Noticed a minotaur
     2 | D:1      | Noticed a kraken
     2 | D:1      | Noticed an octopode
     2 | D:1      | Noticed a spriggan
     2 | D:1      | Noticed a vampire
     2 | D:1      | Noticed a gargoyle
     2 | D:1      | Noticed a troll
     3 | D:1      | Killed a vampire
     7 | D:1      | Killed a gargoyle
    10 | D:1      | Killed a gargoyle
    12 | D:1      | Killed an octopode
    13 | D:1      | Killed an ogre
    13 | D:1      | Killed a gargoyle
    15 | D:1      | Killed a vampire
    15 | D:1      | Killed a vine stalker
    16 | D:1      | Killed a troll
    18 | D:1      | Killed an octopode
    18 | D:1      | Killed a spriggan
    20 | D:1      | Killed a minotaur
    21 | D:1      | Killed a human
   251 | D:1      | Reached XP level 2. HP: 15/15 MP: 3/8
   984 | D:1      | Reached XP level 3. HP: 17/19 MP: 5/10
  1264 | D:2      | Reached skill level 5 in Conjurations
  1273 | D:2      | Noticed Jessica
  1276 | D:2      | Killed Jessica
  1276 | D:2      | Reached XP level 4. HP: 24/24 MP: 4/12
  1280 | D:2      | Reached skill level 5 in Spellcasting
  1412 | D:2      | Learned a level 4 spell: Iskenderun's Mystic Blast
  1502 | D:2      | Learned a level 3 spell: Confuse
  2041 | D:3      | Reached skill level 1 in Hexes
  2195 | D:3      | Reached skill level 1 in Short Blades
  2291 | D:3      | Noticed Natasha
  2297 | D:3      | Killed Natasha
  2297 | D:3      | Reached XP level 5. HP: 28/28 MP: 8/14
  2653 | D:3      | Noticed Natasha
  2660 | D:3      | Killed Natasha
  2869 | D:3      | Noticed Natasha
  2874 | D:3      | Killed Natasha
  2935 | D:3      | Learned a level 5 spell: Iskenderun's Battlesphere
  2936 | D:4      | Noticed an ogre
  2993 | D:4      | Reached XP level 6. HP: 32/32 MP: 10/16
  3250 | D:4      | Found Apsup's Food Boutique.
  3256 | D:4      | Reached skill level 1 in Charms
  3696 | D:4      | Reached XP level 7. HP: 36/36 MP: 12/18
  4071 | D:4      | Bought a slice of pizza for 15 gold pieces
  4071 | D:4      | Bought a meat ration for 50 gold pieces
  4071 | D:4      | Bought a bread ration for 50 gold pieces
  4071 | D:4      | Bought a meat ration for 50 gold pieces
  4071 | D:4      | Bought a meat ration for 50 gold pieces
  4131 | D:5      | Entered Level 5 of the Dungeon
  4344 | D:5      | Got a jewelled arbalest
  5127 | D:5      | Identified the +12 arbalest of World's End {penet, rF+ MR+ Dex+4} (You found it on level 5 of the Dungeon)
  5745 | D:6      | Found a staircase to the Ecumenical Temple.
  5758 | Temple   | Entered the Ecumenical Temple
  5840 | Temple   | Became a worshipper of Hepliaklqana the Forgotten
  5902 | D:6      | Reached XP level 8. HP: 33/36 MP: 8/21
  5907 | D:6      | Reached skill level 5 in Charms
  6827 | D:7      | Slain by an orc warrior

Skill      XL: |  1  2  3  4  5  6  7  8 |
---------------+-------------------------+-----
Spellcasting   | 4 5 6 7 |  7.9
Conjurations   | 5 6 7 |  7.4
Hexes          | 1 2 |  2.1
Short Blades   | 1 2 3 4 |  4.7
Charms         | 2 4 5 |  5.6
Dodging        | |  2.4
Stealth        | |  2.4

Action                   |  1- 3 |  4- 6 |  7- 9 || total
-------------------------+-------+-------+-------++-------
Melee: Dagger            |       |       |    26 ||    26
 Cast: Magic Dart        |    59 |   132 |   135 ||   326
       Iskenderun's Myst |       |     3 |    19 ||    22
  Use: Scroll            |       |    13 |     6 ||    19
       Potion            |       |       |     4 ||     4
  Eat: Meat ration       |     1 |       |     2 ||     3
       Bread ration      |       |     1 |     1 ||     2
Armor: Robe              |     1 |     2 |    24 ||    27
Dodge: Dodged            |     9 |     9 |    45 ||    63
